 Dungeon Crawl Stone Soup version 0.31-a0-1620-gcbf77bbcfc (webtiles) character file.

Game seed: 5318678366279239643

307 James the Cudgeller (level 6, -11/51 HPs)
             Began as an Armataur Fighter on Jan 11, 2024.
             Killed by divine providence
             ... invoked by an orc priest
              (14 damage)
             ... on level 3 of the Dungeon.
             The game lasted 00:05:48 (2172 turns).

James the Cudgeller (Armataur Fighter)              Turns: 2172, Time: 00:05:49

Health: -11/51     AC: 11    Str: 23    XL:     6   Next: 16%
Magic:  6/6        EV: 12    Int:  9    God:
Gold:   153        SH:  4    Dex:  9    Spells: 5/5 levels left

rFire   . . .        a - +0 flail
rCold   . . .        c - +0 buckler
rNeg    . . .        b - +0 scale mail
rPois   .            (no helmet)
rElec   .            (no cloak)
rCorr   .            (no gloves)
SInv    .            (no barding)
Will    .....        (no amulet) Stlth
                     h - +4 ring of protection
HPRegen 0.28/turn    k - +5 ring of evasion
MPRegen 0.43/turn

%: roll
@: no status effects
A: large, deformed body, tough skin 3, armoured tail, roll 1
a: no special abilities


You were on level 3 of the Dungeon.
You visited 1 branch of the dungeon, and saw 3 of its levels.

You collected 153 gold pieces.

Inventory:

Hand Weapons
 a - a +0 flail (weapon)
Missiles
 o - 29 stones (quivered)
 v - 2 poisoned darts
Armour
 b - a +0 scale mail (worn)
 c - a +0 buckler (worn)
 f - a +0 leather armour
   (You found it on level 1 of the Dungeon)
 j - a +0 robe
   (You found it on level 1 of the Dungeon)
 p - a +0 robe
   (You found it on level 2 of the Dungeon)
 q - a +0 scale mail
   (You found it on level 2 of the Dungeon)
 s - a +0 robe
   (You took it off an orc wizard on level 3 of the Dungeon)
 t - a +0 chain mail
   (You took it off an orc on level 3 of the Dungeon)
 u - a +0 robe
   (You took it off an orc wizard on level 3 of the Dungeon)
 x - a +0 leather armour
   (You found it on level 3 of the Dungeon)
Jewellery
 h - a +4 ring of protection (left hand)
   (You found it on level 1 of the Dungeon)
 k - a +5 ring of evasion (right hand)
   (You found it on level 1 of the Dungeon)
Wands
 n - a wand of mindburst (22)
   (You found it on level 2 of the Dungeon)
Scrolls
 e - a scroll of enchant weapon {unknown}
 i - a scroll of revelation {unknown}
 l - 2 scrolls of teleportation {unknown}
 r - 2 scrolls of butterflies {unknown}
 w - 3 scrolls of identify {unknown}
Potions
 d - a potion of might
 g - a potion of attraction {unknown}
 m - a potion of heal wounds {unknown}


   Skills:
 - Level 3.0 Fighting
 * Level 5.4 Maces & Flails
 - Level 4.0 Armour
 - Level 4.0 Shields


You had 5 spell levels left.
You didn't know any spells.
Your spell library contained the following spells:

 Spells                   Type           Power      Damage    Failure   Level
 Slow                     Hex            0%         N/A       77%         1
 Confusing Touch          Hex            0%         N/A       98%         3
 Ozocubu's Armour         Ice            0%         N/A       98%         3
 Sigil of Binding         Hex            0%         N/A       98%         3
 Vampiric Draining        Necr           0%         2d6       98%         3
 Metabolic Englaciation   Hex/Ice        0%         N/A       100%        5
 Sculpt Simulacrum        Ice/Alch       0%         N/A       100%        6


Dungeon Overview and Level Annotations

Branches:
Dungeon (3/15)

Altars:

Shops:
D:3 [

Annotations:
D:3 1 runed translucent door, chuckiee3's ghost, amateur MiFi


Innate Abilities, Weirdness & Mutations

Armour fits poorly on your strangely shaped body.
You have extremely tough skin. (AC +3)
You have a long armoured tail.
You regenerate magic when rolling toward enemies. (Rampage MPRegen)


Message History

You sock the bat!
You kill the bat!
You feel sick. You block the adder's attack. The orc priest barely misses you.
You block the ball python's attack.
An orc priest comes into view. It is wielding a +0 club.
You feel sick.
The orc priest shouts!
The adder bites you but does no damage.
The orc priest looks braver for a moment.
The adder closely misses you.
Things that are here:
a +0 trident; a +0 scale mail; an orc corpse You feel sick.
You roll towards the orc priest!
You hit the orc priest.
You feel sick.
You are no longer poisoned.
The ball python attacks as it pursues you!
The ball python bites you but does no damage.
The orc priest hits you but does no damage.
You block the ball python's attack.
You hit the orc priest. You tail-slap the orc priest!
You kill the orc priest!
You closely miss the adder. You tail-slap the adder.
You block the adder's attack. x2
You hit the adder. The adder barely misses you.
The orc priest calls down the wrath of Beogh upon you.
Beogh smites you!
* * * LOW HITPOINT WARNING * * *
You miss the adder.
Your tail-slap misses the adder.
The adder bites you.
* * * LOW HITPOINT WARNING * * *
The adder bites you but does no damage.
You hit the adder. The adder bites you but does no damage.
You hit the adder.
You kill the adder!
The jackal bites you.
* * * LOW HITPOINT WARNING * * *
The ball python completely misses you.
You sock the ball python!
You kill the ball python!
The jackal barely misses you.
The jackal bites you but does no damage.
You closely miss the orc priest. You tail-slap the orc priest.
The orc priest hits you with a +0 mace.
* * * LOW HITPOINT WARNING * * *
The jackal barely misses you.
You hit the orc priest but do no damage.
You tail-slap the orc priest! The jackal bites you.
* * * LOW HITPOINT WARNING * * *
The orc priest mumbles some strange prayers to Beogh against you.
Beogh smites you!
You die...

..##'#### ≈
....... ≈. .....
... ... ....###)#
....'?)h#
....##..# #
#.)######.# ###
#..o@)....# ..#
#..##h....#
..#######
#.....##.##
........##
###'#### ..
.........###.....#
#
#...#+#...##.....#
...##.##...#.....#
..##...##........#
.##.....##.......#


You could see an orc priest and a jackal.

Vanquished Creatures
  An ogre (D:3)
  An orc priest (D:3)
  4 orc wizards (D:3)
  4 adders
  3 orcs (D:3)
  8 bats
  3 endoplasms
  5 giant cockroaches
  5 goblins
  8 hobgoblins
  3 jackals
  2 kobolds
  A quokka (D:2)
  6 ball pythons
  3 frilled lizards
  6 rats
63 creatures vanquished.

Notes
Turn   | Place    | Note
-------+----------+-------------------------------------------
     0 | D:1      | James the Armataur Fighter began the quest for the Orb.
     0 | D:1      | Reached XP level 1. HP: 18/18 MP: 1/1
   117 | D:1      | Reached skill level 2 in Maces & Flails
   131 | D:1      | Reached XP level 2. HP: 25/25 MP: 2/2
   480 | D:1      | Reached XP level 3. HP: 30/30 MP: 3/3
  1199 | D:2      | Found a faded altar of an unknown god.
  1385 | D:2      | Reached skill level 3 in Maces & Flails
  1608 | D:3      | Found a runed translucent door.
  1608 | D:3      | Noticed chuckiee3's ghost (amateur MiFi)
  1649 | D:3      | Reached XP level 4. HP: 38/38 MP: 4/4
  1746 | D:3      | Found Tame's Antique Armour Shop.
  1748 | D:3      | Noticed an ogre
  1766 | D:3      | Killed an ogre
  1767 | D:3      | Reached skill level 4 in Maces & Flails
  1767 | D:3      | Reached XP level 5. HP: 14/45 MP: 5/5
  2151 | D:3      | Reached skill level 5 in Maces & Flails
  2156 | D:3      | Reached XP level 6. HP: 43/51 MP: 6/6
  2172 | D:3      | Killed from afar by an orc priest

Illustrated notes

Levels and vault maps discovered:
D:1:      lemuel_arrival_cross, layout_loops_ring, kennysheep_doodads
D:2:      layout_basic, hellmonk_ecumenical_altar_pennies_from_heaven
D:3:      layout_basic, elyvilon_altar_3, serial_shops,
          nicolae_shop_advertising_works [nicolae_subvault_shop_adworks],
          hellmonk_ghost_happy_afterlife, hex_tiny, uniq_crazy_yiuf_cottage

Skill      XL: |  1  2  3  4  5 |
---------------+----------------+-----
Maces & Flails | 2 3 4 5 |  5.4
Armour         | 4 |  4.0
Fighting       | 3 |  3.0
Shields        | 4 |  4.0

Action                     |  1- 3 |  4- 6 || total
---------------------------+-------+-------++-------
  Melee: Flail             |   120 |    93 ||   213
         Tailslap          |    10 |     9 ||    19
  Evoke: Wand              |       |     1 ||     1
 Armour: Scale mail        |    61 |    70 ||   131
  Dodge: Dodged            |    54 |    54 ||   108
  Block: Buckler           |    20 |    24 ||    44

Table legend: (Time is in decaauts)
 A = Elapsed time spent in this place.
 B = Non-inter-level travel time spent in this place.
 C = Inter-level travel time spent in this place.
 D = Time resting spent in this place.
 E = Time spent auto-exploring this place.
 F = Levels seen in this place.
 G = Mean time per level.
                   A        B        C        D        E       F      G
               +--------+--------+--------+--------+--------+-----+--------+
         Total |   2226 |   2080 |    146 |    103 |   1470 |   3 |  742.0 |
       Dungeon |   2226 |   2080 |    146 |    103 |   1470 |   3 |  742.0 |
               +--------+--------+--------+--------+--------+-----+--------+

Top non-repeatable levels by time:
     D:1: 949 daAuts
     D:2: 691 daAuts
     D:3: 585 daAuts
